AAA
OMAHA STORM CHASERS @ EDMONTON EDGE
05/20/2052
 
TOP OF THE 1ST
Evansville Triplets batting - Pitching for Round Rock Express : LHP Eli Jarrett
Pitching: LHP Eli Jarrett
Batting: RHB Grant Macer 0-0: Ball
1-0: Ball
2-0: Swinging Strike
2-1: Ball
3-1: DOUBLE (Line Drive, 3D, EV 101.9 MPH)
Batting: RHB John Cummings 0-0: Foul Ball, location: 2F
0-1: SINGLE (Line Drive, 5D, EV 97.5 MPH)
Grant Macer to third
Runner from 3rd tries for Home, SAFE, throw by LF to home
Batting: LHB Gabriel Wright 0-0: Ball
1-0: Ball
2-0: Ball
3-0: Base on Balls
John Cummings to second
Batting: RHB P.J. Sandino 0-0: Called Strike
0-1: Foul Ball, location: 3DF
0-2: Fly out, F8 (Flyball, 8LD, EV 107.5 MPH)
Batting: RHB Terrill Kirchner 0-0: Ball
1-0: Ball
2-0: Foul Ball, location: 2F
2-1: Ball
3-1: Foul Ball, location: 3F
3-2: Fly out, F7 (Flyball, 7S, EV 83.1 MPH)
Batting: RHB Karter Sandlin 0-0: Called Strike
0-1: Ball
1-1: Swinging Strike
1-2: Strikes out swinging
Top of the 1st over - 1 run, 2 hits, 0 errors, 2 left on base; Evansville 1 - Round Rock 0
BOTTOM OF THE 1ST
Round Rock Express batting - Pitching for Evansville Triplets : RHP Cullen Garnett
Pitching: RHP Cullen Garnett
Batting: RHB Ramo Izquierdo 0-0: Ball
1-0: Ball
2-0: Ball
3-0: Called Strike
3-1: Fly out, F8 (Flyball, 8RD, EV 105.0 MPH)
Batting: LHB Kenny Stehlik 0-0: Swinging Strike
0-1: Foul Ball, location: 2F
0-2: Ball
1-2: Ball
2-2: Strikes out swinging
Batting: RHB Santo Alonso 0-0: Called Strike
0-1: Ball
1-1: Foul Ball, location: 2RF
1-2: Fly out, F9 (Flyball, 9S, EV 87.5 MPH)
Bottom of the 1st over - 0 runs, 0 hits, 0 errors, 0 left on base; Evansville 1 - Round Rock 0
TOP OF THE 2ND
Evansville Triplets batting - Pitching for Round Rock Express : LHP Eli Jarrett
Batting: RHB Marco Ramos 0-0: Ball
1-0: Foul Ball, location: 9LMF
1-1: Foul Ball, location: 3F
1-2: Foul Ball, location: 5FF
1-2: Fly out, F7 (Flyball, 7LS, EV 84.4 MPH)
Batting: RHB Edgar Valenzuela 0-0: Ball
1-0: Ball
2-0: Foul Ball, location: 2F
2-1: Foul Ball, location: 5F
2-2: Strikes out looking
Batting: LHB Nick Kalous 0-0: Ball
1-0: Swinging Strike
1-1: Foul Ball, location: 25F
1-2: Ball
2-2: Foul Ball, location: 7LSF
2-2: Foul Ball, location: 25F
2-2: Ball
3-2: Base on Balls
Batting: RHB Grant Macer 0-0: Ball
1-0: Ball
2-0: Ball
3-0: Called Strike
3-1: Base on Balls
Nick Kalous to second
Batting: RHB John Cummings 0-0: Ball
1-0: SINGLE (Line Drive, 9LS, EV 90.0 MPH)
Nick Kalous to third
Grant Macer to second
Runner from 3rd tries for Home, SAFE, throw by RF to home
Batting: LHB Gabriel Wright 0-0: Ball
1-0: Ball
2-0: Fielders Choice at 2nd, U4 (Groundball, 4M, EV 88.8 MPH)
Top of the 2nd over - 1 run, 1 hit, 0 errors, 2 left on base; Evansville 2 - Round Rock 0
BOTTOM OF THE 2ND
Round Rock Express batting - Pitching for Evansville Triplets : RHP Cullen Garnett
Batting: LHB Jeremy McCray 0-0: Ball
1-0: Ball
2-0: SINGLE (Line Drive, 78S, EV 89.4 MPH)
Batting: LHB Kobe Black 0-0: Swinging Strike
0-1: Swinging Strike
0-2: Ball
1-2: Ball
2-2: Strikes out swinging
Batting: RHB Brock Harmon 0-0: DOUBLE (Line Drive, 89D, EV 105.0 MPH)
Jeremy McCray to third
Runner from 3rd tries for Home, SAFE, no throw by RF
Batting: LHB Jedediah Graves 0-0: SINGLE (Line Drive, 9S, EV 107.5 MPH)
Brock Harmon to third
Batting: RHB Dean Green 0-0: Ball
1-0: SINGLE (Groundball, 6MD, EV 106.9 MPH)
Brock Harmon scores
Jedediah Graves to second
Batting: RHB Henry Contreras 0-0: Ball
1-0: Ball
2-0: Grounds into double play, 6-4-3 (Groundball, 6M, EV 107.5 MPH)
Bottom of the 2nd over - 2 runs, 4 hits, 0 errors, 1 left on base; Evansville 2 - Round Rock 2
TOP OF THE 3RD
Evansville Triplets batting - Pitching for Round Rock Express : LHP Eli Jarrett
Batting: RHB P.J. Sandino 0-0: Called Strike
0-1: Ball
1-1: Ball
2-1: Foul Ball, location: 2F
2-2: SINGLE (Groundball, 6, EV 99.4 MPH)
Batting: RHB Terrill Kirchner 0-0: Foul Ball, location: 5FF
0-1: Ball
1-1: Ball
2-1: Called Strike
2-2: Fly out, F9 (Flyball, 9LS, EV 88.1 MPH)
Batting: RHB Karter Sandlin 0-0: SINGLE (Groundball, 6MD, EV 103.1 MPH)
P.J. Sandino to second
Batting: RHB Marco Ramos 0-0: Swinging Strike
0-1: Ball
1-1: Foul Ball, location: 9LMF
1-2: Strikes out swinging
Batting: RHB Edgar Valenzuela 0-0: Fly out, F4 (Popup, 4M, EV 73.8 MPH)
Top of the 3rd over - 0 runs, 2 hits, 0 errors, 2 left on base; Evansville 2 - Round Rock 2
BOTTOM OF THE 3RD
Round Rock Express batting - Pitching for Evansville Triplets : RHP Cullen Garnett
Batting: RHB Ramo Izquierdo 0-0: Ball
1-0: Foul Ball, location: 9LDF
1-1: Foul Ball, location: 3FF
1-2: SINGLE (Line Drive, 8LS, EV 108.8 MPH)
Batting: LHB Kenny Stehlik 0-0: Ball
Ramo Izquierdo is caught stealing 2nd base 2-6
1-0: Called Strike
1-1: Foul Ball, location: 9LDF
1-2: Ball
2-2: SINGLE (Groundball, 6MD, EV 106.3 MPH)
Batting: RHB Santo Alonso 0-0: Ball
1-0: Called Strike
1-1: Ball
2-1: Ball
3-1: SINGLE (Line Drive, 9S, EV 96.3 MPH)
Kenny Stehlik to second
Batting: LHB Jeremy McCray 0-0: Called Strike
0-1: Called Strike
0-2: Ball
1-2: Ball
2-2: Ball
3-2: Base on Balls
Kenny Stehlik to third
Santo Alonso to second
Batting: LHB Kobe Black 0-0: Called Strike
0-1: Ball
1-1: Foul Ball, location: 2F
1-2: Strikes out swinging
Batting: RHB Brock Harmon 0-0: Ball
Passed Ball!
Kenny Stehlik scores
Santo Alonso to third
Jeremy McCray to second
1-0: Ball
2-0: Foul Ball, location: 2LF
2-1: Called Strike
2-2: Foul Ball, location: 2F
2-2: Ball
3-2: Fly out, F8 (Line Drive, 8RM, EV 108.8 MPH)
Bottom of the 3rd over - 1 run, 3 hits, 0 errors, 2 left on base; Evansville 2 - Round Rock 3
TOP OF THE 4TH
Evansville Triplets batting - Pitching for Round Rock Express : LHP Eli Jarrett
Batting: LHB Nick Kalous 0-0: Ball
1-0: Swinging Strike
1-1: Ground out U3 (Groundball, 34, EV 79.4 MPH)
Batting: RHB Grant Macer 0-0: Fly out, F7 (Flyball, 7LSF, EV 86.9 MPH)
Batting: RHB John Cummings 0-0: Called Strike
0-1: Ball
1-1: Swinging Strike
1-2: Ball
2-2: Foul Ball, location: 5F
2-2: Ball
3-2: Hit by Pitch
Batting: LHB Gabriel Wright 0-0: Ball
1-0: Ball
2-0: Ground out 1-3 (Groundball, 13S, EV 67.5 MPH)
Top of the 4th over - 0 runs, 0 hits, 0 errors, 1 left on base; Evansville 2 - Round Rock 3
BOTTOM OF THE 4TH
Round Rock Express batting - Pitching for Evansville Triplets : RHP Cullen Garnett
Batting: LHB Jedediah Graves 0-0: Fly out, F9 (Flyball, 9D, EV 99.4 MPH)
Batting: RHB Dean Green 0-0: Called Strike
0-1: Ball
1-1: Ball
2-1: Swinging Strike
2-2: Foul Ball, location: 9LDF
2-2: Strikes out looking
Batting: RHB Henry Contreras 0-0: Ball
1-0: Foul Ball, location: 2F
1-1: Ball
2-1: SINGLE (Groundball, 6D, EV 105.6 MPH)
Batting: RHB Ramo Izquierdo 0-0: Called Strike
0-1: Foul Ball, location: 9LDF
0-2: Foul Ball, location: 2F
0-2: Ball
1-2: Strikes out looking
Bottom of the 4th over - 0 runs, 1 hit, 0 errors, 1 left on base; Evansville 2 - Round Rock 3
TOP OF THE 5TH
Evansville Triplets batting - Pitching for Round Rock Express : LHP Eli Jarrett
Batting: RHB P.J. Sandino 0-0: Called Strike
0-1: Ball
1-1: Called Strike
1-2: Strikes out swinging
Batting: RHB Terrill Kirchner 0-0: Foul Ball, location: 2F
0-1: Ball
1-1: Called Strike
1-2: Ball
2-2: Fly out, F7 (Line Drive, 78M, EV 97.5 MPH)
Batting: RHB Karter Sandlin 0-0: Ball
1-0: Ball
2-0: Fly out, F6 (Popup, 6M, EV 80.0 MPH)
Top of the 5th over - 0 runs, 0 hits, 0 errors, 0 left on base; Evansville 2 - Round Rock 3
BOTTOM OF THE 5TH
Round Rock Express batting - Pitching for Evansville Triplets : RHP Cullen Garnett
Batting: LHB Kenny Stehlik 0-0: Ball
1-0: Ground out 2-3 (Groundball, 2L, EV 73.1 MPH)
Batting: RHB Santo Alonso 0-0: Foul Ball, location: 9LSF
0-1: Foul Ball, location: 2F
0-2: Ball
1-2: Strikes out swinging
Batting: LHB Jeremy McCray 0-0: Ball
1-0: Foul Ball, location: 2F
1-1: Called Strike
1-2: Ground out 6-3 (Groundball, 6, EV 80.6 MPH)
Bottom of the 5th over - 0 runs, 0 hits, 0 errors, 0 left on base; Evansville 2 - Round Rock 3
TOP OF THE 6TH
Evansville Triplets batting - Pitching for Round Rock Express : LHP Eli Jarrett
Batting: RHB Marco Ramos 0-0: Ball
1-0: Ball
2-0: Called Strike
2-1: Foul Ball, location: 9LMF
2-2: Ball
3-2: Fly out, F8 (Flyball, 8LD, EV 103.1 MPH)
Batting: RHB Edgar Valenzuela 0-0: Ball
1-0: Ball
2-0: Ball
3-0: Called Strike
3-1: Foul Ball, location: 2F
3-2: Foul Ball, location: 2F
3-2: SINGLE (Flyball, 5D, EV 96.3 MPH)
Pitching: LHP Mancelo Gil
Batting: LHB Nick Kalous 0-0: Called Strike
0-1: Foul Ball, location: 3F
0-2: Strikes out swinging
Batting: RHB Grant Macer 0-0: Swinging Strike
0-1: Ball
1-1: Called Strike
1-2: Strikes out swinging
Top of the 6th over - 0 runs, 1 hit, 0 errors, 1 left on base; Evansville 2 - Round Rock 3
BOTTOM OF THE 6TH
Round Rock Express batting - Pitching for Evansville Triplets : RHP Cullen Garnett
Batting: LHB Kobe Black 0-0: Ball
1-0: Ball
2-0: Ball
3-0: Called Strike
3-1: Foul Ball, location: 7LSF
3-2: Base on Balls
Pitching: LHP Carlos Polanco
Batting: RHB Brock Harmon 0-0: Ball
1-0: Ball
2-0: Ball
3-0: Called Strike
3-1: Fly out, F4 (Popup, 4, EV 54.4 MPH)
Batting: LHB Jedediah Graves 0-0: Called Strike
0-1: Swinging Strike
0-2: Ball
1-2: Strikes out swinging
Batting: RHB Dean Green 0-0: Swinging Strike
0-1: Foul Ball, location: 5F
0-2: Foul Ball, location: 2F
0-2: Foul Ball, location: 3SF
0-2: Strikes out swinging
Bottom of the 6th over - 0 runs, 0 hits, 0 errors, 1 left on base; Evansville 2 - Round Rock 3
TOP OF THE 7TH
Evansville Triplets batting - Pitching for Round Rock Express : LHP Mancelo Gil
Batting: RHB John Cummings 0-0: Ball
1-0: Ball
2-0: Called Strike
2-1: Swinging Strike
2-2: Fly out, F8 (Flyball, 8LD, EV 109.4 MPH)
Batting: LHB Gabriel Wright 0-0: Ball
1-0: Called Strike
1-1: Ball
2-1: Foul Ball, location: 2F
2-2: SOLO HOME RUN (Line Drive, 9D, EV 96.3 MPH), Distance : 376 ft
Batting: RHB P.J. Sandino 0-0: Foul Ball, location: 5DF
0-1: Ball
1-1: Foul Ball, location: 2F
1-2: Ball
2-2: Fly out, F6 (Popup, 6MS, EV 72.5 MPH)
Batting: RHB Terrill Kirchner 0-0: Ball
1-0: Ball
2-0: Foul Ball, location: 25F
2-1: Fly out, F8 (Flyball, 8RXD, EV 104.4 MPH)
Top of the 7th over - 1 run, 1 hit, 0 errors, 0 left on base; Evansville 3 - Round Rock 3
BOTTOM OF THE 7TH
Round Rock Express batting - Pitching for Evansville Triplets : LHP Carlos Polanco
Batting: RHB Henry Contreras 0-0: Foul Ball, location: 2F
0-1: Ball
1-1: Ball
2-1: Foul Ball, location: 5FF
2-2: Foul Ball, location: 2F
2-2: Fly out, F9 (Flyball, 89S, EV 91.9 MPH)
Batting: RHB Ramo Izquierdo 0-0: Called Strike
0-1: Swinging Strike
0-2: Foul Ball, location: 9LMF
0-2: Ball
1-2: Ground out 4-3 (Groundball, 4, EV 103.1 MPH)
Batting: LHB Kenny Stehlik 0-0: Called Strike
0-1: Called Strike
0-2: Ball
1-2: Strikes out swinging
Bottom of the 7th over - 0 runs, 0 hits, 0 errors, 0 left on base; Evansville 3 - Round Rock 3
TOP OF THE 8TH
Evansville Triplets batting - Pitching for Round Rock Express : LHP Mancelo Gil
Batting: RHB Karter Sandlin 0-0: Ground out 4-3 (Groundball, 4, EV 105.0 MPH)
Batting: RHB Marco Ramos 0-0: Ball
1-0: Foul Ball, location: 2F
1-1: Ball
2-1: Ball
3-1: Base on Balls
Batting: RHB Edgar Valenzuela 0-0: Called Strike
0-1: Ball
1-1: Foul Ball, location: 2F
1-2: Strikes out swinging
Pinch Hitting: RHB Walter McKnight 0-0: Ball
1-0: Fly out, F7 (Line Drive, 7LM, EV 97.5 MPH)
Top of the 8th over - 0 runs, 0 hits, 0 errors, 1 left on base; Evansville 3 - Round Rock 3
BOTTOM OF THE 8TH
Round Rock Express batting - Pitching for Evansville Triplets : LHP Carlos Polanco
Now in CF: Walter McKnight
Batting: RHB Santo Alonso 0-0: Ball
1-0: Ball
2-0: Swinging Strike
2-1: Called Strike
2-2: Foul Ball, location: 5SF
2-2: Ball
3-2: SINGLE (Groundball, 34D, EV 103.1 MPH)
Pinch Hitting: RHB Abél Brito 0-0: Called Strike
0-1: Swinging Strike
0-2: Fly out, F7 (Line Drive, 7, EV 93.8 MPH)
Pinch Hitting: LHB Aarón Fermin 0-0: Ball
1-0: Fly out, F7 (Line Drive, 78M, EV 91.3 MPH)
Batting: RHB Brock Harmon 0-0: Ball
1-0: Swinging Strike
1-1: Foul Ball, location: 3DF
1-2: Foul Ball, location: 2RF
1-2: Strikes out looking
Bottom of the 8th over - 0 runs, 1 hit, 0 errors, 1 left on base; Evansville 3 - Round Rock 3
TOP OF THE 9TH
Evansville Triplets batting - Pitching for Round Rock Express : LHP Mancelo Gil
Now at 2B: Abél Brito
Now in LF: Ramo Izquierdo
Now in RF: Aarón Fermin
Batting: RHB Grant Macer 0-0: Called Strike
0-1: Swinging Strike
0-2: Strikes out swinging
Batting: RHB John Cummings 0-0: Called Strike
0-1: Ball
1-1: Ball
2-1: Swinging Strike
2-2: Ball
3-2: Base on Balls
Batting: LHB Gabriel Wright 0-0: Swinging Strike
0-1: Foul Ball, location: 2LF
0-2: Foul Ball, location: 2F
0-2: Foul Ball, location: 7LDF
0-2: Strikes out swinging
Pitching: RHP Brayden Starcher
Batting: RHB P.J. Sandino 0-0: Called Strike
0-1: Called Strike
0-2: Ball
1-2: Foul Ball, location: 23FF
1-2: Strikes out looking
Top of the 9th over - 0 runs, 0 hits, 0 errors, 1 left on base; Evansville 3 - Round Rock 3
BOTTOM OF THE 9TH
Round Rock Express batting - Pitching for Evansville Triplets : LHP Carlos Polanco
Pinch Hitting: RHB Nathaniel Reynolds 0-0: Ball
1-0: Foul Ball, location: 3F
1-1: Ball
2-1: DOUBLE (Groundball, 5L, EV 102.5 MPH)
Pitching: LHP Vincent Dion
Batting: RHB Dean Green 0-0: Ball
1-0: Ball
2-0: Called Strike
2-1: Ball
3-1: Base on Balls
Batting: RHB Henry Contreras 0-0: Ball
1-0: Called Strike
1-1: Ball
2-1: Called Strike
2-2: Foul Ball, location: 9LDF
2-2: Grounds into double play, 4-6-3 (Groundball, 4, EV 85.0 MPH)
Nathaniel Reynolds to third
Batting: RHB Ramo Izquierdo 0-0: Intentional Walk
Batting: LHB Kenny Stehlik 0-0: Ball
1-0: Called Strike
1-1: Called Strike
1-2: Foul Ball, location: 7LSF
1-2: Ground out U3 (Groundball, 3, EV 82.5 MPH)
Bottom of the 9th over - 0 runs, 1 hit, 0 errors, 2 left on base; Evansville 3 - Round Rock 3
TOP OF THE 10TH
Evansville Triplets batting - Pitching for Round Rock Express : RHP Brayden Starcher
Now in CF: Aarón Fermin
Now in RF: Elvis Dolley
Batting: RHB Terrill Kirchner 0-0: Foul Ball, location: 2F
0-1: Called Strike
0-2: Ball
1-2: Strikes out swinging
Batting: RHB Karter Sandlin 0-0: Called Strike
0-1: Called Strike
0-2: Foul Ball, location: 2F
0-2: Ball
1-2: Ball
2-2: Strikes out looking
Pinch Hitting: LHB Elijah Woods 0-0: Foul Ball, location: 3F
0-1: Foul Ball, location: 25FF
0-2: Strikes out looking
Top of the 10th over - 0 runs, 0 hits, 0 errors, 0 left on base; Evansville 3 - Round Rock 3
BOTTOM OF THE 10TH
Round Rock Express batting - Pitching for Evansville Triplets : LHP Vincent Dion
Pitching: RHP Rodd Mayberry
Now at C: Thomas Johnsrud
Batting: RHB Santo Alonso 0-0: Ball
1-0: Ball
2-0: Ball
3-0: Called Strike
3-1: Ground out 6-3 (Groundball, 6, EV 99.4 MPH)
Batting: RHB Abél Brito 0-0: Ball
1-0: Foul Ball, location: 2F
1-1: Called Strike
1-2: Foul Ball, location: 9LSF
1-2: Foul Ball, location: 2F
1-2: Reached on error, E4 (Groundball, 34D, EV 96.9 MPH)
Batting: LHB Aarón Fermin 0-0: Ball
1-0: Foul Ball, location: 5F, Error on foul ball, E5
1-1: Ball
2-1: Foul Ball, location: 2F
2-2: Foul Ball, location: 3F
2-2: Foul Ball, location: 2F
2-2: Fly out, F2 (Popup, 25F, EV 83.1 MPH)
Batting: RHB Brock Harmon 0-0: Called Strike
0-1: 2-RUN HOME RUN (Flyball, 78XD, EV 102.5 MPH), Distance : 408 ft
Bottom of the 10th over - 2 runs, 1 hit, 2 errors, 0 left on base; Evansville 3 - Round Rock 5
Monday, April 22nd , 2024 - OOTP Baseball 24.11 Build 85